AoeStats
← adrian_mg123

Lombardia

509503654Analyzed
3v3 RM · 6d ago on Sep 27, 2026· 63m 22s· 6 players
Game mode
Random Map
Map size
Normal (6 player)
Population
200
Speed
Normal
Resources
Standard
Victory
Conquest
Starting age
Dark Age
Ending age
Imperial Age
RankedLock teamsTeams togetherTeam positionsShared explorationLock speedFull tech treeHidden civsTurbo modeCheats
Victory
Defeat
🇺🇸 Danes · United States
1076
+20
🇺🇸 Saxons · United States
1076
+20
🇺🇸 Poles · United States
1067
+21
🇨🇴 Malay · Colombia
1257
-24
🇧🇷 Saxons · Brazil
1146
-19
🇨🇴 Italians · Colombia
1115
-18
Katraca
7:20 Loom
9:55 Feudal Age
11:26 Double-Bit Axe
17:17 Castle Age
16:19 Horse Collar
18:41 Bow Saw
18:50 Heavy Plow
27:05 Fletching
34:18 Wheelbarrow
34:28 Town Watch
37:52 Imperial Age
35:32 Scale Mail Armor
36:37 Hand Cart
36:33 Squires
36:13 Pikeman
37:11 Chain Mail Armor
37:07 Forging
38:17 Bodkin Arrow
39:17 Plate Mail Armor
39:59 Conscription
40:49 Iron Casting
42:06 Bracer
42:51 Hoardings
43:04 Elite Hearth Troop
43:58 Gold Mining
44:33 Ballistics
44:32 Padded Archer Armor
44:03 Shield Wall
45:57 Leather Archer Armor
46:52 Chemistry
46:08 Halberdier
47:33 Coinage
52:19 Ring Archer Armor
Miposhka
9:30 Loom
11:15 Feudal Age
12:15 Wheelbarrow
11:54 Double-Bit Axe
17:23 Castle Age
24:38 Fletching
24:44 Crossbowman
27:41 Thumb Ring
28:41 Bodkin Arrow
33:06 Murder Holes
32:52 Treadmill Crane
33:47 Bow Saw
34:44 Hand Cart
34:14 Town Watch
36:25 Ballistics
40:33 Imperial Age
38:51 Padded Archer Armor
38:57 Scale Barding Armor
39:21 Arbalester
40:02 Bracer
39:28 Capped Ram
41:32 Forging
41:46 Conscription
41:16 Elite Karambit Warrior
42:57 Husbandry
42:18 Light Cavalry
44:38 Gold Mining
47:01 Chemistry
46:12 Masonry
47:19 Iron Casting
49:33 Leather Archer Armor
54:14 Cavalier
56:01 Blast Furnace
56:52 Horse Collar
adrian_mg123
8:13 Loom
11:47 Feudal Age
16:15 Castle Age
19:20 Double-Bit Axe
19:30 Fletching
28:01 Pikeman
28:41 Squires
30:19 Padded Archer Armor
34:20 Bodkin Arrow
36:15 Leather Archer Armor
38:04 Wheelbarrow
39:13 Ballistics
45:34 Imperial Age
46:12 Hand Cart
45:39 Horse Collar
46:11 Bow Saw
46:26 Heavy Plow
47:31 Chemistry
47:56 Ring Archer Armor
48:05 Hand Cart
49:08 Two-Man Saw
ofdudesandmen
12:29 Feudal Age
13:00 Horse Collar
13:07 Double-Bit Axe
13:49 Loom
16:06 Gold Mining
16:09 Stone Mining
18:12 Bloodlines
20:41 Wheelbarrow
20:41 Forging
24:32 Castle Age
23:29 Scale Barding Armor
25:57 Iron Casting
25:50 Hand Cart
25:37 Heavy Plow
25:49 Bow Saw
27:53 Stone Shaft Mining
27:40 Chain Barding Armor
29:30 Town Watch
32:19 Husbandry
32:56 Szlachta Privileges
33:12 Murder Holes
33:38 Ballistics
33:16 Murder Holes
35:29 Fletching
35:41 Padded Archer Armor
35:03 Elite Skirmisher
40:03 Imperial Age
37:48 Masonry
38:34 Light Cavalry
40:47 Winged Hussar
43:00 Bodkin Arrow
44:06 Blast Furnace
43:06 Scale Mail Armor
44:36 Conscription
44:55 Elite Obuch
47:44 Cavalier
51:00 Chemistry
50:20 Chain Mail Armor
51:32 Leather Archer Armor
63:09 Crop Rotation
Fuzzy
0:35 Loom
10:58 Feudal Age
11:55 Double-Bit Axe
13:52 Horse Collar
17:35 Town Watch
20:42 Scale Mail Armor
20:53 Forging
22:49 Castle Age
21:12 Forging
22:10 Stone Mining
22:10 Gold Mining
24:28 Stone Shaft Mining
24:10 Bow Saw
24:37 Arson
27:33 Wheelbarrow
29:43 Chain Mail Armor
30:06 Iron Casting
32:21 Squires
33:42 Gambesons
34:50 Hamask
35:15 Elite Skirmisher
36:09 Thumb Ring
36:23 Padded Archer Armor
37:56 Fletching
38:29 Leather Archer Armor
40:32 Chain Mail Armor
40:13 Bodkin Arrow
49:01 Imperial Age
46:47 Hand Cart
46:40 Town Patrol
49:31 Gold Shaft Mining
50:51 Pikeman
51:49 Halberdier
56:26 Heavy Plow
62:04 Conscription
Kevinight
0:37 Loom
11:45 Feudal Age
12:06 Feudal Age
16:22 Castle Age
17:26 Elite Skirmisher
18:10 Squires
18:10 Double-Bit Axe
19:12 Wheelbarrow
18:23 Town Watch
19:23 Scale Mail Armor
20:22 Fletching
20:42 Forging
21:07 Arson
23:49 Gambesons
28:46 Forging
29:09 Bow Saw
29:16 Gold Mining
30:07 Chain Mail Armor
30:27 Iron Casting
31:43 Iron Casting
34:32 Town Patrol
37:49 Imperial Age
36:29 Horse Collar
37:35 Heavy Plow
38:15 Hand Cart
39:30 Plate Mail Armor
38:42 Capped Ram
39:37 Elite Varangian Guard
40:49 Shield Wall
43:57 Padded Archer Armor
43:52 Bodkin Arrow
45:02 Two-Man Saw
44:59 Leather Archer Armor
44:15 Siege Ram
45:55 Conscription
45:55 Thumb Ring
46:14 Ballistics
46:53 Crossbowman
47:53 Bracer
48:23 Ring Archer Armor
48:55 Gold Shaft Mining
48:26 Arbalester
50:16 Chemistry
49:33 Siege Engineers
Connection lost

Rejoining the realm…

Still unreachable

The connection could not be restored.

Session expired

The server has moved on; the page needs a fresh start.